 Dungeon Crawl Stone Soup version 0.27.1 (webtiles) character file.

Game seed: 10252972446324215964

55 Thatpatchoflichen the Sneak (level 4, -4/27 HPs)
             Began as a Kobold Enchanter on Sept 2, 2021.
             Slain by a worm (10 damage)
             ... on level 2 of the Dungeon.
             The game lasted 00:03:19 (1712 turns).

Thatpatchoflichen the Sneak (Kobold Enchanter)      Turns: 1712, Time: 00:03:20

Health: -4/27      AC:  3    Str:  5    XL:     4   Next: 14%
Magic:  5/7        EV: 15    Int: 16    God:
Gold:   55         SH:  0    Dex: 22    Spells: 6/7 levels left

rFire    . . .     SeeInvis .   a - +1 dagger
rCold    . . .     Faith    .   (shield restricted)
rNeg     . . .     Spirit   .   f - +0 leather armour
rPois    .         Reflect  .   (no helmet)
rElec    .         Harm     .   (no cloak)
rCorr    .         Rampage  .   (no gloves)
Will     .....                  (no boots)
Stlth    ++++......             (no amulet)
HPRegen  0.09/turn              g - +6 ring of dexterity
MPRegen  0.10/turn              (no ring)

@: no status effects
A: small, no large weapons, nightstalker 3
a: no special abilities


You were on level 2 of the Dungeon.
You visited 1 branch of the dungeon, and saw 2 of its levels.

You collected 55 gold pieces.

Inventory:

Hand Weapons
 a - a +1 dagger (weapon)
Armour
 f - a +0 leather armour (worn)
Jewellery
 g - a +6 ring of dexterity (left hand)
Scrolls
 c - 2 scrolls of enchant weapon {unknown}
 d - 2 scrolls of noise {unknown}
 e - a scroll of identify {unknown}
Potions
 b - a potion of curing {unknown}


   Skills:
 * Level 2.3 Fighting
 + Level 2.7 Short Blades
 + Level 3.3 Dodging
 - Level 4.0 Stealth
 - Level 2.1 Spellcasting
 - Level 3.0 Hexes


You had 6 spell levels left.
You knew the following spells:

 Your Spells              Type           Power      Damage    Failure   Level
a - Corona                Hex            12%        N/A       10%         1

Your spell library contained the following spells:

 Spells                   Type           Power      Damage    Failure   Level
 Ensorcelled Hibernation  Hex/Ice        12%        N/A       28%         2
 Confusing Touch          Hex            11%        N/A       30%         3
 Tukima's Dance           Hex            11%        N/A       30%         3
 Dazzling Flash           Conj/Hex       12%        N/A       50%         3
 Spider Form              Tmut/Pois      0%         N/A       71%         3
 Shadow Creatures         Summ           N/A        N/A       100%        6


Dungeon Overview and Level Annotations

Branches:
Dungeon (2/15)

Altars:


Innate Abilities, Weirdness & Mutations

You are small and have problems with some larger weapons.
You are completely attuned to the shadows.


Message History

You hit the worm but do no damage.
The worm is moderately wounded.
The worm bites you but does no damage.
You hit the worm but do no damage.
The worm is moderately wounded.
You hit the worm.
The worm is heavily wounded.
The worm bites you.
You hit the worm.
The worm is heavily wounded.
You hit the worm but do no damage.
The worm is heavily wounded.
The worm bites you!
* * * LOW HITPOINT WARNING * * *
You hit the worm.
The worm is severely wounded.
You hit the worm.
The worm is severely wounded.
The worm stops glowing.
The worm misses you.
You hit the worm.
The worm is almost dead.
Aiming: Corona (safe; 10% risk of failure)
Press: ? - help, Q - select action Shift-Dir - straight line, f/p - worm
Aim: a worm (almost dead, chance to affect: 55%)
The worm struggles to resist.
The worm closely misses you.
Aiming: Corona (safe; 10% risk of failure)
Press: ? - help, Q - select action Shift-Dir - straight line, f/p - worm
Aim: a worm (almost dead, chance to affect: 55%)
The worm is outlined in light.
You hit the worm but do no damage.
The worm is almost dead.
The worm bites you.
* * * LOW HITPOINT WARNING * * *
You completely miss the worm.
The worm is severely wounded.
You hit the worm.
The worm is almost dead.
The worm bites you!
You die...

#. #... ##.......
..####........
.....w@'.........
...####.........
#.....)........#
#.#####.#.....#
#.<.# #.##...##
#.#.#
#.###'######## #.
.# #.# #........#
#. .. #.######.#
## .## #.# #.#


You could see a worm (corona).

Vanquished Creatures
  Jessica (D:2)
  A worm (D:2)
  2 dart slugs (D:1)
  3 endoplasms
  A giant cockroach (D:1)
  A goblin (D:2)
  A hobgoblin (D:1)
  4 jackals (D:2)
  2 ball pythons (D:1)
  3 frilled lizards (D:1)
  4 rats
23 creatures vanquished.

Notes
Turn   | Place    | Note
-------+----------+-------------------------------------------
     0 | D:1      | Thatpatchoflichen the Kobold Enchanter began the quest for
                  | the Orb.
     0 | D:1      | Reached XP level 1. HP: 10/10 MP: 3/3
   228 | D:1      | Reached XP level 2. HP: 8/16 MP: 3/5
   492 | D:1      | Found a faded altar of an unknown god.
   553 | D:1      | Reached skill level 1 in Fighting
  1446 | D:2      | Reached XP level 3. HP: 20/20 MP: 6/6
  1676 | D:2      | Noticed Jessica
  1681 | D:2      | Killed Jessica
  1682 | D:2      | Reached XP level 4. HP: 27/27 MP: 7/7
  1712 | D:2      | Slain by a worm

Illustrated notes

Levels and vault maps discovered:
D:1:      minmay_arrival_diagonal_passages, layout_basic,
          basic_ecumenical_altar, minmay_misc_feat_secret_circle,
          hangedman_abyss_or_decor_stabs
D:2:      layout_loops_corners, uniq_jessica

Skill      XL: |  1  2  3 |
---------------+----------+-----
Short Blades   | 2 |  2.7
Fighting       | 1 2 |  2.3
Dodging        | 3 |  3.3
Stealth        | |  4.0
Spellcasting   | |  2.1
Hexes          | |  3.0

Action                   |  1- 3 |  4- 6 || total
-------------------------+-------+-------++-------
Melee: Dagger            |    79 |    23 ||   102
 Cast: Corona            |     2 |     3 ||     5
 Stab: Sleeping          |     9 |       ||     9
Armor: Robe              |     4 |       ||     4
       Leather armour    |     6 |     2 ||     8
Dodge: Dodged            |    51 |     3 ||    54
